 Dungeon Crawl Stone Soup version 0.32-a0-938-g40ac7a0f4d (webtiles) character file.

Game seed: 17035251434608754076

434 Dirtsage the Cleaver (level 6, -17/76 HPs)
             Began as a Minotaur Berserker on Apr 15, 2024.
             Was a Priest of Trog.
             Demolished by Pikel
             ... wielding a +1 whip of electrocution
              (19 damage)
             ... on level 4 of the Dungeon.
             The game lasted 00:03:19 (2287 turns).

Dirtsage the Cleaver (Minotaur Berserker)           Turns: 2287, Time: 00:03:19

Health: -17/76     AC:  7    Str: 21    XL:     6   Next: 68%
Magic:  5/5        EV: 11    Int:  4    God:    Trog [***...]
Gold:   156        SH:  0    Dex: 12    Spells: 5/5 levels left

rFire   . . .        a - +0 hand axe
rCold   + . .        (no shield)
rNeg    . . .        e - +2 leather armour {rC+}
rPois   +            (helmet restricted)
rElec   .            g - +0 cloak
rCorr   .            (no gloves)
SInv    .            d - +0 pair of boots
Will    .....        (no amulet) Stlth
                     P - ring of poison resistance
HPRegen 0.32/turn    (no ring)
MPRegen 0.09/turn

%: no passive effects
@: berserking (expiring), very quick
A: horns 2, retaliatory headbutt
a: Renounce Religion, Berserk, Trog's Hand


You were on level 4 of the Dungeon.
You worshipped Trog.
Trog was most pleased with you.
You visited 1 branch of the dungeon, and saw 4 of its levels.

You collected 156 gold pieces.

Inventory:

Hand Weapons
 a - a +0 hand axe (weapon)
Armour
 b - a +0 animal skin
 d - a +0 pair of boots (worn)
 e - a +2 leather armour of cold resistance (worn)
 g - a +0 cloak (worn)
Jewellery
 P - a ring of poison resistance (left hand)
Wands
 k - a wand of iceblast (10)
 D - a wand of digging (3)
Potions
 c - a potion of might {unknown}
 f - a potion of attraction {unknown}
 l - a potion of enlightenment
 m - a potion of lignification {unknown}
 q - a potion of curing


   Skills:
 - Level 3.6 Fighting
 + Level 9.2 Axes
 - Level 2.4 Armour
 - Level 2.1 Dodging


You had 5 spell levels left.
You didn't know any spells.
Your spell library contained the following spells:

 Spells                   Type           Power      Damage    Failure   Level
 Apportation              Tloc           0%         N/A       54%         1
 Jinxbite                 Hex            0%         N/A       69%         2
 Call Canine Familiar     Summ           0%         N/A       89%         3
 Sigil of Binding         Hex            0%         N/A       89%         3
 Summon Ice Beast         Ice/Summ       0%         N/A       89%         3
 Dimensional Bullseye     Hex/Tloc       0%         N/A       100%        4
 Alistair's Intoxication  Alch           0%         N/A       100%        5
 Summon Mana Viper        Hex/Summ       0%         N/A       100%        5
 Yara's Violent Unravell  Hex/Alch       0%         3d3       100%        5
 Enfeeble                 Hex            0%         N/A       100%        7
 Monstrous Menagerie      Summ           0%         N/A       100%        7


Dungeon Overview and Level Annotations

Branches:
Dungeon (4/15)
 Temple: D:4-7

Altars:

Shops:
D:1 (

Annotations:
D:4 Pikel


Innate Abilities, Weirdness & Mutations

You have a pair of horns on your head.
You reflexively headbutt those who attack you in melee.


Message History

Trog accepts your kill.
Pikel hits you with a +1 whip of electrocution.
* * * LOW HITPOINT WARNING * * *
The lemure hits you but does no damage.
You take 6 damage, and have 14/76 hp.
You barely miss Pikel. You slash the lemure! You barely miss Pikel.
You closely miss the lemure.
Pikel hits you with a +1 whip of electrocution.
* * * LOW HITPOINT WARNING * * *
The lemure barely misses you.
You take 1 damage, and have 13/76 hp.
You barely miss Pikel. You slash the lemure!
You feel the power of Trog in you as your rage grows.
You kill the lemure!
That felt strangely unrewarding.
You hit Pikel.
Pikel is lightly wounded.
Pikel barely misses you.
You hit Pikel.
Pikel is lightly wounded.
You hit Pikel but do no damage.
Pikel is lightly wounded.
Pikel barely misses you.
You closely miss Pikel.
Pikel is lightly wounded.
You barely miss the lemure. Pikel hits you but does no damage.
The lemure hits you!
* * * LOW HITPOINT WARNING * * *
You take 6 damage, and have 7/76 hp.
You hit Pikel. Your headbutt misses Pikel.
Pikel is moderately wounded.
You hit the lemure. You barely miss Pikel. Your headbutt misses Pikel.
Pikel is moderately wounded.
You hit the lemure.
Pikel hits you with a +1 whip of electrocution.
* * * LOW HITPOINT WARNING * * *
You are electrocuted!!
You die...
Pikel says, "See you in Hell!"

#..... ....
###.... .....
...... >.... .
........... #.
#...#......
#.###..l#5..... #
#.......K......
#.#......@5......
##.#.....#)##.....
.........)).......
##.....######..#
#.....# #....##
#....### #......#
#......+


You could see Pikel, 2 lemures and an iguana.

Vanquished Creatures
  2 lemures (D:4)
  A water moccasin skeleton (D:3)
  A centaur zombie (D:3)
  A gnoll bouda (D:4)
  A bullfrog skeleton (D:3)
  Terence (D:3)
  An orc wizard (D:3)
  The ghost of kurowlyz the Covered, a weakling AtFi (D:3)
  A howler monkey zombie (D:3)
  5 gnolls (D:4)
  10 adders
  A shadow imp (D:3)
  A dart slug (D:1)
  2 ribbon worms (D:2)
  4 orcs (D:3)
  6 bats
  An endoplasm (D:1)
  7 goblins
  3 hobgoblins
  6 jackals (D:1)
  A quokka (D:1)
  8 ball pythons
  7 frilled lizards
  3 kobolds
  7 rats
82 creatures vanquished.

Notes
Turn   | Place    | Note
-------+----------+-------------------------------------------
     0 | D:1      | Dirtsage the Minotaur Berserker began the quest for the
                  | Orb.
     0 | D:1      | Reached XP level 1. HP: 19/19 MP: 0/0
    24 | D:1      | Reached skill level 4 in Axes
    27 | D:1      | Reached XP level 2. HP: 24/26 MP: 1/1
   300 | D:1      | Found a faded altar of an unknown god.
   303 | D:1      | Reached skill level 5 in Axes
   309 | D:1      | Reached ** piety under Trog
   312 | D:1      | Reached XP level 3. HP: 24/24 MP: 2/2
   410 | D:1      | Found Uvuawkih's Weapon Emporium.
   984 | D:2      | Reached skill level 6 in Axes
   984 | D:2      | Reached XP level 4. HP: 35/37 MP: 3/3
  1355 | D:3      | Reached skill level 7 in Axes
  1355 | D:3      | Reached XP level 5. HP: 39/45 MP: 4/4
  1495 | D:3      | Noticed Terence
  1501 | D:3      | Killed Terence
  1501 | D:3      | Reached *** piety under Trog
  1671 | D:3      | Found a runed translucent gate.
  1671 | D:3      | Found a runed translucent gate.
  1672 | D:3      | Found a runed translucent gate.
  1673 | D:3      | Noticed kurowlyz's ghost (weakling AtFi)
  2106 | D:3      | Reached skill level 8 in Axes
  2106 | D:3      | Reached XP level 6. HP: 51/51 MP: 5/5
  2106 | D:3      | Killed kurowlyz's ghost
  2268 | D:4      | Noticed Pikel
  2269 | D:4      | Reached skill level 9 in Axes
  2287 | D:4      | HP: 2/76 [Pikel/+1 whip of electrocution (5)]
  2287 | D:4      | Demolished by Pikel

Illustrated notes

Levels and vault maps discovered:
D:1:      dpeg_arrival_solitude, layout_rooms,
          nicolae_ecumenical_snake_handling, serial_shops,
          nicolae_shop_real_fake_doors
D:2:      layout_loops_cross, skrybe_limestone_x
D:3:      layout_basic, gammafunk_ghost_necromancy, uniq_terence
D:4:      layout_basic, dancing_weapons_uskayaw, uniq_pikel

Skill      XL: |  1  2  3  4  5  6 |
---------------+-------------------+-----
Axes           | 4 5 6 7 8 9 |  9.2
Fighting       | |  3.6
Armour         | |  2.4
Dodging        | |  2.1

Action                     |  1- 3 |  4- 6 || total
---------------------------+-------+-------++-------
  Melee: Hand axe          |    73 |   107 ||   180
         Headbutt          |     7 |    15 ||    22
 Invoke: Berserk           |     1 |     2 ||     3
    Use: Scroll            |     2 |     3 ||     5
 Armour: Animal skin       |    11 |       ||    11
         Leather armour    |    60 |    73 ||   133
  Dodge: Dodged            |    67 |    57 ||   124

Table legend: (Time is in decaauts)
 A = Elapsed time spent in this place.
 B = Non-inter-level travel time spent in this place.
 C = Inter-level travel time spent in this place.
 D = Time resting spent in this place.
 E = Time spent auto-exploring this place.
 F = Levels seen in this place.
 G = Mean time per level.
                   A        B        C        D        E       F      G
               +--------+--------+--------+--------+--------+-----+--------+
         Total |   2293 |   2189 |    104 |     39 |   1782 |   4 |  573.2 |
       Dungeon |   2293 |   2189 |    104 |     39 |   1782 |   4 |  573.2 |
               +--------+--------+--------+--------+--------+-----+--------+

Top non-repeatable levels by time:
     D:3: 878 daAuts
     D:2: 689 daAuts
     D:1: 650 daAuts
     D:4: 75 daAuts
